 Dungeon Crawl Stone Soup version 0.19.0-9-gfd783f2 (webtiles) character file.

120 dobroeutro the Archer (level 4, -2/36 HPs)
             Began as a Centaur Hunter on Nov 7, 2016.
             Slain by a hound (4 damage)
             ... on level 2 of the Dungeon.
             The game lasted 00:05:16 (2872 turns).

dobroeutro the Archer (Centaur Hunter)              Turns: 2872, Time: 00:05:17

Health: -2/36      AC:  4    Str: 14    XL:     4   Next: 75%
Magic:  4/4        EV:  9    Int: 10    God:
Gold:   101        SH:  2    Dex: 11    Spells: 0 memorised, 3 levels left

rFire  . . .     SeeInvis .     a - +1 shortbow
rCold  . . .     Gourm    .     c - +0 leather armour
rNeg   . . .     Faith    .     (shield currently unavailable)
rPois  .         Spirit   .     (no helmet)
rElec  .         Reflect  +     (no cloak)
rCorr  .         Harm     .     (no gloves)
MR     .....                    (no barding)
Stlth  +.........               l - +2 amulet of reflection
                                (no ring)
                                (no ring)

@: hasted, drained, very quick
A: hooves 3, deformed body, speed 2, tough skin 3
a: no special abilities


You were on level 2 of the Dungeon.
You were not hungry.

You visited 1 branch of the dungeon, and saw 3 of its levels.

You collected 101 gold pieces.

Inventory:

Hand Weapons
 a - a +1 shortbow (weapon)
 m - a +0 flail
 t - a +0 rapier
Missiles
 d - 31 arrows (quivered)
Armour
 c - a +0 leather armour (worn)
Jewellery
 l - a +2 amulet of reflection (around neck)
Scrolls
 b - a scroll of remove curse {unknown}
 j - a scroll of enchant weapon {unknown}
 o - a scroll of identify {unknown}
 s - a scroll of random uselessness {unknown}
Potions
 g - a potion of flight {unknown}
 h - a potion of degeneration {unknown}
 k - a potion of cancellation {unknown}
 n - a potion of berserk rage {unknown}
 q - a potion of agility {unknown}
Comestibles
 f - 6 bread rations
 i - a meat ration
 p - a slice of pizza
 r - a chunk of flesh


   Skills:
 - Level 2.0(1.2) Fighting
 + Level 8.1(7.3) Bows
 - Level 1.3(0.6) Dodging
 - Level 0.4(0.0) Stealth


You had 3 spell levels left.
You didn't know any spells.

Dungeon Overview and Level Annotations

Branches:
Dungeon (3/15)

Altars:
Elyvilon

Annotations:
D:3 Xiguana's ghost, amateur HESk


Innate Abilities, Weirdness & Mutations

You have hooves in place of feet.
Armour fits poorly on your strangely shaped body.
You cover ground very quickly.
You have extremely tough skin. (AC +3)


Message History

The hound bites you.
* * * LOW HITPOINT WARNING * * *
Firing (i - inventory):
d - 33 arrows (quivered)
Press: ? - help, Shift-Dir - straight line, f - hound
Aim: a hound (lightly wounded)
You shoot an arrow. The arrow closely misses the hound.
The hound bites you but does no damage.
Okay, then.
The hound bites you but does no damage.
Firing (i - inventory):
d - 32 arrows (quivered)
Press: ? - help, Shift-Dir - straight line, f/p - hound
Aim: a hound (lightly wounded)
You shoot an arrow. The arrow hits the hound.
The hound is heavily wounded.
The hound bites you.
* * * LOW HITPOINT WARNING * * *
It was a potion of haste.
You feel yourself speed up. The hound bites you.
* * * LOW HITPOINT WARNING * * *
The hound bites you.
You die...

#.###....####.......####.
#.#...#### #........##.. #.#.###
###............ ######
#.#[#######...........##. #....#
#.#[##......######....###
#....####...#..##########..#...##
#....#........## ###....#......
#..."..##.##########........###..
#..............h@....#.#########.
#....###..###########..# ##......
#....# #..# #..## #..####.
#....###..# #.## #.## ##
#######...##########.#####.# #
#....................).#.# #
#.....#...###.########...###
#.............##.....†.)>.(####
#.....###..÷.....#########....#


You could see a hound.

Vanquished Creatures
  Terence (D:2)
  3 adders
  2 dart slugs
  3 leopard geckos
  An orc (D:3)
  6 bats
  4 giant cockroaches
  9 goblins
  10 hobgoblins
  2 quokkas (D:2)
  3 ball pythons
  4 frilled lizards
  6 kobolds
  5 rats
59 creatures vanquished.

Notes
Turn   | Place    | Note
-------+----------+-------------------------------------------
     0 | D:1      | dobroeutro the Centaur Hunter began the quest for the Orb.
     0 | D:1      | Reached XP level 1. HP: 17/17 MP: 1/1
   392 | D:1      | Reached XP level 2. HP: 22/24 MP: 2/2
   407 | D:1      | Reached skill level 6 in Bows
  1367 | D:2      | Reached XP level 3. HP: 14/29 MP: 3/3
  1614 | D:2      | Noticed Terence
  1617 | D:2      | Reached skill level 7 in Bows
  1633 | D:2      | Killed Terence
  1633 | D:2      | Reached XP level 4. HP: 4/36 MP: 4/4
  2299 | D:3      | Noticed Xiguana's ghost (amateur HESk)
  2620 | D:3      | Reached skill level 8 in Bows
  2630 | D:3      | Found a white marble altar of Elyvilon.
  2872 | D:2      | Slain by a hound

Skill      XL: |  1  2  3  4 |
---------------+-------------+-----
Bows           | 6 7 8 |  8.1
Fighting       | |  2.0
Dodging        | |  1.3
Stealth        | |  0.4

Action                   |  1- 3 |  4- 6 || total
-------------------------+-------+-------++-------
Melee: Short sword       |   110 |       ||   110
       Kick              |    19 |    15 ||    34
       Falchion          |    11 |    38 ||    49
       Flail             |       |    28 ||    28
       Mace              |       |     9 ||     9
 Fire: Shortbow          |    12 |     6 ||    18
  Use: Potion            |       |     1 ||     1
  Eat: Chunk             |     2 |     3 ||     5
Armor: Leather armour    |    64 |    33 ||    97
Dodge: Dodged            |    55 |    49 ||   104
Block: Other             |     3 |     4 ||     7
       Rpst.: Falchion   |     1 |     7 ||     8
